 Dungeon Crawl Stone Soup version 0.31.0-1-g2c135a0 (webtiles) character file.

Game seed: 14226344854735228683

395112 sup the Hoplite (level 22, 0/213 HPs)
             Began as a Minotaur Fighter on Apr 3, 2024.
             Was the Champion of Okawaru.
             Constricted to death by a tentacled monstrosity (5 damage)
             ... on level 2 of the Depths.
             The game lasted 02:09:41 (54753 turns).

sup the Hoplite (Minotaur Fighter)                 Turns: 54753, Time: 02:09:41

Health: 0/213      AC: 43    Str: 35    XL:     22   Next: 17%
Magic:  34/34      EV:  8    Int:  8    God:    Okawaru [******]
Gold:   1810       SH: 25    Dex: 13    Spells: 21/21 levels left

rFire   + + .        r - +7 sceptre of Torment {pain, torment}
rCold   + + +        y - +4 tower shield {reflect}
rNeg    + + +        A - +15 Maxwell's patent armour {-Cast -Tele rElec Will+ rCorr}
rPois   .            (helmet restricted)
rElec   +            W - +0 cloak "Wiwn" {Rampage rF+}
rCorr   +            R - +2 pair of gloves "Xirhuf" {rElec rC++}
SInv    +            n - +2 pair of boots
Will    ++...        E - amulet of the acrobat Stlth
                     o - ring "Cief Xok" {rF+ rC+ Int+6}
HPRegen 0.55/turn    T - ring of Sovereignty {rN+++ Str+6 Int-3 SInv Stlth-}
MPRegen 0.24/turn

%: no teleportation, no spellcasting, reflection, acrobat, rampage
@: constricted, studying 3 skills
A: horns 2, retaliatory headbutt
}: 2/15 runes: decaying, serpentine
a: Renounce Religion, Heroism, Finesse, Duel


You were on level 2 of the Depths.
You worshipped Okawaru.
Okawaru was exalted by your worship.
You visited 9 branches of the dungeon, and saw 39 of its levels.
You also visited: Gauntlet and Ice Cave.

You collected 5513 gold pieces.
You spent 3703 gold pieces at shops.

Inventory:

Hand Weapons
 r - the +7 sceptre of Torment (weapon) {pain, torment}
   (Okawaru gifted it to you on level 4 of the Lair of Beasts)
Missiles
 K - 8 silver javelins
 O - 34 boomerangs
 V - 23 javelins (quivered)
Armour
 n - a +2 pair of boots (worn)
 y - a +4 tower shield of reflection (worn)
 A - the +15 Maxwell's patent armour (worn) {-Cast -Tele rElec Will+ rCorr}
   (You found it on level 3 of the Vaults)

   rElec:     It insulates you from electricity.
   Will+:     It increases your willpower.
   -Cast:     It prevents spellcasting.
   -Tele:     It prevents most forms of teleportation.
   rCorr:     It protects you from acid and corrosion.
 R - the +2 pair of gloves "Xirhuf" (worn) {rElec rC++}
   (Okawaru gifted it to you on level 4 of the Lair of Beasts)

   rC++:      It greatly protects you from cold.
   rElec:     It insulates you from electricity.
 W - the +0 cloak "Wiwn" (worn) {Rampage rF+}
   (You found it on level 4 of the Lair of Beasts)

   rF+:       It protects you from fire.
   Rampage:   It bestows one free step when moving towards enemies.
Jewellery
 o - the ring "Cief Xok" (left hand) {rF+ rC+ Int+6}
   (You found it on level 1 of the Depths)

   [ring of protection from fire]

   Int+6:     It affects your intelligence (+6).
   rF+:       It protects you from fire.
   rC+:       It protects you from cold.
 E - an amulet of the acrobat (around neck)
 N - a ring of flight
 T - the ring of Sovereignty (right hand) {rN+++ Str+6 Int-3 SInv Stlth-}
   (You found it on level 4 of the Lair of Beasts)

   [ring of strength]

   Str+6:     It affects your strength (+6).
   Int-3:     It affects your intelligence (-3).
   rN+++:     It renders you almost immune to negative energy.
   SInv:      It lets you see invisible.
   Stlth-:    It makes you less stealthy.
Wands
 c - a wand of digging (16)
 f - a wand of mindburst (9)
 l - a wand of polymorph (23)
 p - a wand of roots (45)
 q - a wand of charming (36)
 s - a wand of flame (85)
 P - a wand of quicksilver (33)
Scrolls
 a - 3 scrolls of blinking
 b - 3 scrolls of fog
 v - 7 scrolls of fear
 x - 17 scrolls of teleportation
 C - 2 scrolls of amnesia
 D - 25 scrolls of identify
 L - 4 scrolls of revelation
Potions
 d - 8 potions of might
 h - 13 potions of enlightenment
 i - a potion of brilliance
 k - a potion of cancellation
 m - 2 potions of ambrosia
 t - 3 potions of berserk rage
 u - 25 potions of curing
 w - a potion of attraction
 z - 7 potions of haste
 B - 3 potions of invisibility
 I - 2 potions of resistance
 M - 4 potions of magic


   Skills:
 + Level 21.3 Fighting
 - Level 16.0 Maces & Flails
 - Level 16.0 Throwing
 + Level 19.9 Armour
 - Level 6.0 Dodging
 * Level 21.3 Shields
 + Level 9.3 Necromancy
 + Level 18.9 Invocations


You had 21 spell levels left.
You didn't know any spells.
Your spell library contained the following spells:

 Spells                   Type           Power      Damage    Failure   Level
 Sublimation of Blood     Necr           14%        N/A       7%          2
 Fugue of the Fallen      Necr           14%        N/A       14%         3
 Sting                    Conj/Alch      0%         1d3       90%         1
 Ensorcelled Hibernation  Hex/Ice        0%         N/A       97%         2
 Mercury Vapours          Alch/Air       0%         N/A       97%         2
 Anguish                  Hex/Necr       3%         N/A       97%         4
 Confusing Touch          Hex            0%         N/A       99%         3
 Dazzling Flash           Conj/Hex       0%         N/A       99%         3
 Ozocubu's Armour         Ice            0%         N/A       99%         3
 Passwall                 Erth           0%         N/A       99%         3
 Swiftness                Air            0%         N/A       99%         3
 Cause Fear               Hex            0%         N/A       100%        4
 Ignite Poison            Fire/Alch      0%         N/A       100%        4
 Manifold Assault         Tloc           0%         N/A       100%        4
 Olgreb's Toxic Radiance  Alch           0%         N/A       100%        4
 Sticky Flame             Fire/Alch      0%         2d4       100%        4
 Arcjolt                  Conj/Air       0%         1d10      100%        5
 Borgnjor's Vile Clutch   Necr/Erth      3%         N/A       100%        5
 Fireball                 Conj/Fire      0%         3d3       100%        5
 Lee's Rapid Deconstruct  Erth           0%         3d4*      100%        5
 Conjure Ball Lightning   Conj/Air       0%         3x3d6     100%        6
 Ozocubu's Refrigeration  Ice            0%         4d7       100%        7
 Discord                  Hex            0%         N/A       100%        8
 Disjunction              Tloc           0%         N/A       100%        8
 Ignition                 Fire           0%         3d3       100%        8
 Polar Vortex             Ice            0%         N/A       100%        9
 Animate Dead             Necr           Unusable   N/A       N/A         4
 Call Imp                 Summ           Unusable   N/A       N/A         2
 Animate Armour           Summ/Erth      Unusable   N/A       N/A         4
 Summon Lightning Spire   Summ/Air       Unusable   N/A       N/A         4
 Death Channel            Necr           Unusable   N/A       N/A         6
 Sculpt Simulacrum        Ice/Alch       Unusable   N/A       N/A         6
 Spellforged Servitor     Conj/Summ      Unusable   N/A       N/A         7
 Summon Hydra             Summ           Unusable   N/A       N/A         7
 Dragon's Call            Summ           Unusable   N/A       N/A         9

Dungeon Overview and Level Annotations

Branches:
Dungeon (15/15)            Temple (1/1) D:4            Lair (5/5) D:11
  Swamp (4/4) Lair:3        Snake (4/4) Lair:3        Slime (0/5) Lair:5
    Orc (2/2) D:10            Elf (2/3) Orc:2        Vaults (4/5) D:13
  Crypt (0/3) Vaults:2     Depths (2/4) D:15          IceCv (visited)
Gauntlet (visited)

Altars:
Ashenzari
Cheibriados
Dithmenos
Elyvilon
Fedhas
Gozag
Hepliaklqana
Kikubaaqudgha
Makhleb
Nemelex Xobeh
Okawaru
Qazlal
Ru
Sif Muna
Trog
Uskayaw
Vehumet
Wu Jian
Xom
Yredelemnul
Zin
The Shining One
Jiyva

Shops:
D:6 ((   D:9 :!!   D:10 (   Orc:1 *   Orc:2 [?!   Elf:1 *   Elf:2 ([
Vaults:4 !

Portals:
Hell: Depths:1
Ziggurat: Depths:1

Annotations:
D:4 exclusion: oklob plant
Lair:5 3 runed translucent doors, ElricMelnibone's ghost, journeyman GnRe; sup's ghost, journeyman MiBe
Snake:1 6 transporters


Innate Abilities, Weirdness & Mutations

You have a pair of horns on your head.
You reflexively headbutt those who attack you in melee.


Message History

The spriggan berserker hits you with the +4 rapier of Massacring {protect, Str+6}.
* * * LOW HITPOINT WARNING * * *
The spriggan berserker hits you with the +4 rapier of Massacring {protect, Str+6}!!
* * * LOW HITPOINT WARNING * * *
The sphinx mumbles some strange words.
You resist with almost no effort.
You miss the spriggan berserker.
Your headbutt misses the spriggan berserker.
The spriggan berserker is severely wounded.
You block the lich's attack.
The tentacled monstrosity tentacle-slaps you but does no damage.
You block the tentacled monstrosity's attack.
The tentacled monstrosity tentacle-slaps you but does no damage.
The tentacled monstrosity constricts you.
The spriggan berserker hits you but does no damage.
You block the spriggan berserker's attack.
The sphinx mumbles some strange words.
You resist with almost no effort.
You bludgeon the spriggan berserker!!
You kill the spriggan berserker!
Okawaru accepts your kill. You block the lich's attack.
The tentacled monstrosity tentacle-slaps you but does no damage. x2
You block the tentacled monstrosity's attack.
The tentacled monstrosity constricts you.
The juggernaut hits you.
* * * LOW HITPOINT WARNING * * *
You block the juggernaut's attack.
The spriggan berserker hits you but does no damage.
The lich barely misses you.
The tentacled monstrosity's grasp on you weakens, but your attempt to escape fails.
The sphinx barely misses you. You furiously retaliate!
You headbutt the sphinx!!
You kill the sphinx!
Okawaru accepts your kill. You block the lich's attack.
The tentacled monstrosity closely misses you.
You block the tentacled monstrosity's attack. x2
The tentacled monstrosity constricts you.
You die...

### ######.# ####
....)..##.#.# .......#.#
.......### ###.#.###.##
#XL)i.)(#..##
#p#@###(#...#
.......pCCXCD#.#..##
........GDCCX.D.#.##
..........C#<#D#.#.##
..........#.###.#.#..#
##........G#.....#.#..#
##..........#######.#..#
##.....................##
#.....................##


You could see a juggernaut, 3 tentacled monstrosities, a golden dragon, 2 frost
giants, 2 fire dragons, an ice dragon, a lich (fast, invisible), 3 ettins, a
hell knight (fast), a glowing orange brain, a spriggan berserker (regenerating,
strong-willed) and a glass eye (wandering).

Vanquished Creatures
  Mara (Vaults:4)
  Xtahua (Vaults:3)
  Bai Suzhen (Vaults:2)
  A caustic shrike (Depths:2)
  Norris (Vaults:4)
  Jory (Vaults:2)
  Rupert (D:13)
  Mlioglotl (Snake:3)
  A lich (Depths:2)
  A titan (Depths:1)
  4 acid blobs (Lair:4)
  A sphinx (Depths:2)
  The ghost of bob002 the Brawler, an adept TrCK of Lugonu (Swamp:2)
  The ghost of Amikeex the Brawler, an adept TrMo of Nemelex Xobeh (Depths:1)
  3 thorn hunters
  A shadow dragon (Depths:2)
  Agnes (Elf:2)
  Frances (Snake:2)
  3 tengu reavers
  Roxanne (D:15)
  Aizul (Snake:2)
  5 nagarajas (Snake:4)
  The ghost of OceanMan the Blocker, a journeyman MiFi of Trog (D:13)
  Donald (Vaults:2)
  2 fire giants (Depths:2)
  6 azure jellies (Lair:4)
  A spectral juggernaut (Depths:1)
  3 frost giants
  11 vault wardens
  A deep elf sorcerer (Elf:2)
  3 ghouls
  2 formless jellyfish
  15 very ugly things
  17 ironbound preservers
  8 stone giants
  7 ironbound thunderhulks
  A deep elf demonologist (Elf:1)
  10 eleionomae
  21 dire elephants
  A war gargoyle (Vaults:2)
  A spark wasp (Depths:1)
  A minotaur (Gauntlet)
  Azrael (D:12)
  5 bunyips
  2 ettins (Depths:2)
  The ghost of Kyusiynim the Covert, a journeyman GnEn (Lair:4)
  A shambling mangrove (Swamp:3)
  7 yaktaur captains
  A crystal guardian (Vaults:2)
  An entropy weaver (Vaults:1)
  3 jiangshi (Depths:1)
  A rakshasa (Depths:1)
  A deep elf high priest (Vaults:3)
  5 fire dragons
  10 vault guards
  4 ice dragons
  11 great orbs of eyes
  7 ironbound frosthearts
  A sphinx zombie (Vaults:3)
  6 ogre magi
  2 peacekeepers
  5 alligators
  11 hydras
  3 salamander tyrants (Snake:4)
  2 spriggan air magi (Depths:1)
  5 centaur warriors
  A ghost crab (Swamp:4)
  A two-headed ogre (shapeshifter) (Elf:1)
  13 two-headed ogres
  3 death knights
  16 anacondas
  4 boulder beetles
  Erica (Lair:1)
  4 catoblepae
  26 dancing weapons
  2 deep troll shamans (Depths:2)
  7 naga warriors
  7 orc high priests
  A sphinx skeleton (Vaults:3)
  10 death yaks (Lair:5)
  4 deep troll earth magi
  An occultist (Depths:2)
  5 shock serpents
  A vampire mage (Depths:1)
  A hell knight (Depths:2)
  4 spriggan berserkers (Depths:2)
  2 tengu warriors (D:15)
  15 naga sharpshooters
  3 salamander mystics
  3 spriggans
  Urug (Orc:1)
  Sonja (Lair:3)
  6 skeletal warriors (D:15)
  A soul eater (Gauntlet)
  13 deep elf knights
  A sixfirhy (D:8)
  2 skysharks (Vaults:4)
  2 iron trolls
  A shadow wraith (Vaults:2)
  2 glowing orange brains
  4 goliath frogs
  60 deep trolls
  7 bog bodies
  5 naga ritualists
  5 mana vipers
  8 spriggan druids
  A flayed ghost (Depths:2)
  A phantasmal warrior (D:13)
  15 arcanists
  7 swamp dragons
  8 deep elf archers
  3 orc knights
  9 necromancers
  3 sea snakes
  28 deep elf pyromancers
  A lightning spire (Gauntlet)
  26 deep elf zephyrmancers
  16 lindwurms
  3 oklob plants
  6 will-o-the-wisps
  13 ironbound convokers
  4 orc sorcerers
  47 ugly things
  6 manticores
  5 elephants (Lair:5)
  5 cyclopes
  6 salamanders
  Joseph (D:9)
  16 vault sentinels
  3 kobold blastminers
  A guardian serpent (Snake:3)
  An eye of devastation (Lair:4)
  38 black mambas
  9 naga magi
  An ice statue (IceCv)
  9 cane toads
  A water nymph (shapeshifter) (Depths:1)
  A yaktaur zombie (Vaults:3)
  11 komodo dragons
  27 yaktaurs
  8 freezing wraiths
  3 kobold demonologists
  3 rime drakes
  2 rime drakes (shapeshifter) (D:15)
  An efreet (D:13)
  2 unseen horrors
  11 ice devils (IceCv)
  6 hornets
  8 trolls
  4 tyrant leeches
  A tarantella (Vaults:1)
  2 raiju (Gauntlet)
  7 blink frogs
  2 ettin zombies (Vaults:3)
  An air elemental (Elf:1)
  A culicivora (shapeshifter) (Depths:1)
  32 slime creatures
  3 water elementals
  2 shadows
  3 dire elephant simulacra (IceCv)
  6 wraiths
  A vampire (D:9)
  5 fire bats
  3 wyverns
  76 yaks
  7 fire elementals
  15 humans (D:13)
  3 death yak simulacra (IceCv)
  2 redbacks (Vaults:1)
  14 wargs
  A yaktaur simulacrum (Vaults:3)
  A basilisk (Lair:2)
  20 vampire mosquitoes
  3 steam dragons
  A harpy simulacrum (IceCv)
  14 swamp worms
  41 nagas
  3 acid dragons
  2 hydra simulacra (IceCv)
  2 hell hounds
  22 water moccasins
  17 orc warriors
  A sky beast (D:9)
  2 ice beasts
  A black bear (Temple)
  4 swamp drakes
  3 laughing skulls (Gauntlet)
  7 ogres
  4 centaurs
  A boggart (Elf:2)
  20 wolves
  A phantom (D:6)
  5 kobold brigands
  13 bullfrogs
  A gnoll sergeant (D:11)
  2 human skeletons (Vaults:3)
  A glowing shapeshifter simulacrum (Vaults:3)
  7 cane toad simulacra (IceCv)
  3 scorpions
  2 two-headed ogre simulacra (IceCv)
  4 wights (D:9)
  2 elephant simulacra (IceCv)
  7 killer bees (D:7)
  3 howler monkeys (D:9)
  2 bombardier beetles
  A human simulacrum (Vaults:3)
  9 hounds
  7 jellies
  19 orc priests
  5 iguanas
  Terence (D:3)
  27 orc wizards
  2 troll simulacra (IceCv)
  A spriggan simulacrum (IceCv)
  4 polar bear simulacra (IceCv)
  4 wolf simulacra (IceCv)
  3 adders
  11 gnolls
  4 shadow imps
  2 white imps
  3 ufetubi
  A dart slug (D:3)
  100 orcs
  An endoplasm (D:1)
  2 giant cockroaches (D:1)
  5 goblins
  6 hobgoblins
  15 jackals
  2 quokkas
  8 ball pythons
  7 bats
  2 frilled lizards (D:2)
  20 kobolds
  3 rats
  A spectral weapon (Swamp:1)
1561 creatures vanquished.

Vanquished Creatures (others)
  A spark wasp (Depths:2)
  A deep elf zephyrmancer (Elf:2)
  A black mamba (Snake:1)
  3 bloated husks
  A centaur simulacrum (D:13)
  2 spriggans
  A vampire mosquito (Swamp:3)
  An orc wizard (Orc:1)
  19 foxfires
30 creatures vanquished.

Grand Total: 1591 creatures vanquished

Notes
Turn   | Place    | Note
-------+----------+-------------------------------------------
     0 | D:1      | sup the Minotaur Fighter began the quest for the Orb.
     0 | D:1      | Reached XP level 1. HP: 19/19 MP: 0/0
    78 | D:1      | Reached XP level 2. HP: 26/26 MP: 1/1
   290 | D:1      | You fall into a shaft and drop 1 floor!
   339 | D:2      | Reached XP level 3. HP: 31/31 MP: 2/2
   577 | D:1      | Reached skill level 5 in Maces & Flails
  1498 | D:3      | Reached XP level 4. HP: 39/39 MP: 3/3
  1670 | D:3      | Noticed Terence
  1676 | D:3      | Killed Terence
  1790 | D:3      | Reached XP level 5. HP: 37/45 MP: 4/4
  2018 | D:3      | Found a sacrificial altar of Ru.
  2161 | D:3      | Found a glowing silver altar of Zin.
  2483 | D:4      | Found a staircase to the Ecumenical Temple.
  2486 | D:4      | Noticed a black bear
  2492 | Temple   | Entered the Ecumenical Temple
  2498 | Temple   | Killed a black bear
  2499 | Temple   | Reached XP level 6. HP: 51/51 MP: 5/5
  2513 | Temple   | Became a worshipper of Warmaster Okawaru
  2847 | D:4      | Found a burning altar of Makhleb.
  2928 | D:4      | Found a basalt altar of Yredelemnul.
  3083 | D:4      | Found a blossoming altar of Fedhas.
  3106 | D:4      | Noticed an oklob plant
  3263 | D:5      | Entered Level 5 of the Dungeon
  3738 | D:5      | Identified the +1 leather armour "Raereemy" {rF+ rC+
                  | Will++}
  3776 | D:5      | Reached XP level 7. HP: 57/57 MP: 6/6
  3901 | D:5      | Reached * piety under Okawaru
  3902 | D:5      | Reached skill level 10 in Maces & Flails
  4469 | D:6      | Reached XP level 8. HP: 62/64 MP: 7/7
  4489 | D:6      | Found Teovep's Antique Weapon Emporium.
  4531 | D:6      | Bought an ichor-stained flail for 246 gold pieces
  4531 | D:6      | Identified the +0 flail "Lifebane" {pain, rF++} (You bought
                  | it in a shop on level 6 of the Dungeon)
  4647 | D:6      | Found a hide-covered altar of Uskayaw.
  4703 | D:6      | Reached ** piety under Okawaru
  5077 | D:6      | Found Moyxoabeja's Antique Weapon Shop.
  5494 | D:6      | Reached *** piety under Okawaru
  5714 | D:7      | Reached XP level 9. HP: 70/71 MP: 8/8
  5787 | D:7      | Noticed a troll
  6083 | D:7      | Reached skill level 1 in Invocations
  6172 | D:7      | Found a radiant altar of Vehumet.
  6278 | D:7      | Reached skill level 5 in Fighting
  6610 | D:7      | Killed a troll
  6611 | D:7      | Reached skill level 5 in Armour
  6611 | D:7      | Reached skill level 5 in Shields
  6699 | D:7      | Reached **** piety under Okawaru
  6851 | D:8      | Found a runed translucent door.
  6856 | D:8      | Noticed a sixfirhy
  6985 | D:8      | Found a glowing golden altar of the Shining One.
  7023 | D:8      | Noticed a kobold demonologist
  7028 | D:8      | Noticed a hellwing
  7031 | D:8      | Killed a kobold demonologist
  7335 | D:8      | Found a bloodstained altar of Trog.
  7364 | D:8      | Found a stormy altar of Qazlal.
  7409 | D:8      | Reached XP level 10. HP: 76/86 MP: 8/11
  7794 | D:8      | Killed a sixfirhy
  8081 | D:9      | Found a shimmering altar of Xom.
  8084 | D:9      | Found Neexzuv's Distillery.
  8204 | D:9      | Noticed Joseph
  8225 | D:9      | Killed Joseph
  8225 | D:9      | Reached ***** piety under Okawaru
  8225 | D:9      | Received a gift from Okawaru
  8421 | D:9      | Found Dukhlady's Distillery.
  8996 | D:9      | Reached skill level 5 in Invocations
  9246 | D:9      | Found Xuihabri's Book Emporium.
  9347 | D:10     | Entered Level 10 of the Dungeon
  9380 | D:10     | Found Istrawif's Weapon Shoppe.
  9409 | D:10     | Reached skill level 10 in Fighting
  9467 | D:9      | Reached XP level 11. HP: 58/99 MP: 9/13
  9721 | D:10     | Noticed a two-headed ogre
  9731 | D:10     | Killed a two-headed ogre
  9985 | D:10     | Found a staircase to the Orcish Mines.
 10410 | D:11     | Noticed a two-headed ogre
 10425 | D:11     | Killed a two-headed ogre
 10425 | D:11     | Received a gift from Okawaru
 10561 | D:11     | Noticed a two-headed ogre
 10568 | D:11     | Killed a two-headed ogre
 11081 | D:11     | Found a staircase to the Lair.
 11741 | Lair:1   | Entered Level 1 of the Lair of Beasts
 11741 | Lair:1   | Noticed Erica
 11758 | Lair:1   | Killed Erica
 11858 | Lair:1   | Received a gift from Okawaru
 12442 | Lair:1   | Reached XP level 12. HP: 51/113 MP: 6/16
 12829 | Lair:1   | Noticed a boulder beetle
 12862 | Lair:1   | Killed a boulder beetle
 12862 | Lair:1   | Received a gift from Okawaru
 13335 | Lair:2   | Identified a scroll of acquirement
 13337 | Lair:2   | Acquired 726 gold pieces
 13542 | D:6      | Bought a runed demon whip for 594 gold pieces
 13994 | Lair:2   | Reached skill level 1 in Throwing
 14248 | Lair:2   | Reached skill level 10 in Armour
 14256 | Lair:2   | Reached skill level 10 in Shields
 14535 | Lair:3   | Found a staircase to the Swamp.
 14707 | Lair:3   | Noticed Sonja
 14711 | Lair:3   | Killed Sonja
 14711 | Lair:3   | Received a gift from Okawaru
 14837 | Lair:3   | Got the Secrets of Malisons
 15143 | Lair:3   | Found a staircase to the Snake Pit.
 15694 | Lair:4   | Received a gift from Okawaru
 15701 | Lair:4   | Reached XP level 13. HP: 108/125 MP: 16/18
 15778 | Lair:4   | Found a runed translucent gate.
 15778 | Lair:4   | Found a runed translucent gate.
 15778 | Lair:4   | Found a runed translucent gate.
 15778 | Lair:4   | Noticed an acid blob
 15780 | Lair:4   | Noticed an acid blob
 15780 | Lair:4   | Noticed an azure jelly
 15780 | Lair:4   | Noticed an azure jelly
 15780 | Lair:4   | Noticed an azure jelly
 15780 | Lair:4   | Noticed an azure jelly
 15781 | Lair:4   | Found a viscous altar of Jiyva.
 15781 | Lair:4   | Noticed an azure jelly
 15781 | Lair:4   | Noticed an acid blob
 15781 | Lair:4   | Noticed Kyusiynim's ghost (journeyman GnEn)
 15781 | Lair:4   | Noticed an acid blob
 15782 | Lair:4   | Noticed an azure jelly
 15874 | Lair:4   | Found a transporter.
 16201 | Lair:4   | Found a transporter.
 16215 | Lair:4   | Identified the ring of Sovereignty {rN+++ Str+6 Int-3 SInv
                  | Stlth-}
 16773 | Lair:4   | Identified the ring "Ryacegor" {Wiz rElec Str+3}
 16781 | Lair:4   | Identified the +0 cloak "Wiwn" {Rampage rF+}
 17004 | Lair:5   | Entered Level 5 of the Lair of Beasts
 17242 | Lair:5   | Reached ****** piety under Okawaru
 17261 | Lair:5   | Reached skill level 15 in Fighting
 17268 | Lair:4   | Acquired the +7 sceptre of Torment {pain, torment}
 17268 | Lair:4   | Received a gift from Okawaru
 17268 | Lair:4   | Found the +7 sceptre of Torment {pain, torment}
 17273 | Lair:4   | Acquired the +2 pair of gloves "Xirhuf" {rElec rC++}
 17273 | Lair:4   | Received a gift from Okawaru
 17358 | Lair:4   | Received a gift from Okawaru
 17621 | Lair:5   | Reached skill level 5 in Throwing
 17741 | Lair:5   | Found a runed translucent gate.
 17813 | Lair:5   | Found a runed translucent gate.
 17814 | Lair:5   | Found a runed translucent gate.
 17815 | Lair:5   | Noticed sup's ghost (journeyman MiBe)
 17815 | Lair:5   | Noticed ElricMelnibone's ghost (journeyman GnRe)
 17905 | Lair:5   | Reached skill level 15 in Maces & Flails
 18023 | Lair:5   | Identified the ring of Discord {Ice rElec}
 18074 | Lair:5   | Found a staircase to the Slime Pits.
 18168 | Lair:5   | Received a gift from Okawaru
 18936 | Lair:5   | Reached XP level 14. HP: 118/135 MP: 19/19
 19053 | Lair:5   | Received a gift from Okawaru
 19677 | Orc:1    | Entered Level 1 of the Orcish Mines
 19829 | Orc:1    | Found Legh's Assorted Antiques.
 19935 | Orc:1    | Found a frozen archway.
 19951 | IceCv    | Entered an ice cave
 20326 | IceCv    | Found an ancient bone altar of Kikubaaqudgha.
 20350 | IceCv    | Reached skill level 10 in Throwing
 20873 | IceCv    | Received a gift from Okawaru
 21119 | Orc:1    | Noticed Urug
 21124 | Orc:1    | Killed Urug
 21333 | Orc:2    | Entered Level 2 of the Orcish Mines
 21397 | Orc:2    | Found a staircase to the Elven Halls.
 21861 | Orc:2    | Received a gift from Okawaru
 22114 | Orc:2    | Reached XP level 15. HP: 144/144 MP: 21/21
 22121 | Orc:2    | Received a gift from Okawaru
 22156 | Orc:2    | Found Tenul Bule's Magic Scroll Emporium.
 22272 | Orc:2    | Found Ufuerut's Armour Shoppe.
 22353 | Orc:2    | Found Umuanix's Distillery.
 23055 | Orc:2    | Bought a +1 plate armour of poison resistance for 448 gold
                  | pieces
 23372 | D:12     | Received a gift from Okawaru
 23647 | D:12     | Noticed Azrael
 23675 | D:12     | Killed Azrael
 24421 | D:13     | Noticed OceanMan's ghost (journeyman MiFi)
 24440 | D:13     | Found a runed translucent gate.
 24440 | D:13     | Found a runed translucent gate.
 24441 | D:13     | Found a runed translucent gate.
 24535 | D:13     | Noticed Rupert
 24545 | D:13     | Killed Rupert
 24545 | D:13     | Received a gift from Okawaru
 24842 | D:13     | Reached skill level 10 in Invocations
 24854 | D:13     | Found a gate to the Vaults.
 25453 | D:13     | Killed OceanMan's ghost
 25583 | D:14     | Found a gate leading to a gauntlet.
 25586 | Gauntlet | Entered a Gauntlet
 25586 | Gauntlet | Found a transporter.
 25586 | Gauntlet | Found a runed translucent door.
 25587 | Gauntlet | Found a runed translucent door.
 25591 | Gauntlet | Found a transporter.
 25595 | Gauntlet | Found a transporter.
 25601 | Gauntlet | Found a runed translucent gate.
 25603 | Gauntlet | Found a transporter.
 25604 | Gauntlet | Found a runed translucent gate.
 25605 | Gauntlet | Found a runed translucent gate.
 25607 | Gauntlet | Found a transporter.
 25618 | Gauntlet | Found a transporter.
 25619 | Gauntlet | Found a transporter.
 25628 | Gauntlet | Found a transporter.
 25631 | Gauntlet | Found a transporter.
 25639 | Gauntlet | Found a transporter.
 25660 | Gauntlet | Found a transporter.
 25672 | Gauntlet | Found a transporter.
 25684 | Gauntlet | Found a transporter.
 25696 | Gauntlet | Found a transporter.
 25724 | Gauntlet | Received a gift from Okawaru
 25994 | Gauntlet | Got the Atlas of Summoned Weather
 26238 | D:14     | Found a sacrificial altar of Ru.
 26802 | D:15     | Entered Level 15 of the Dungeon
 26805 | D:15     | Noticed Roxanne
 26920 | D:15     | Received a gift from Okawaru
 26994 | D:15     | Reached XP level 16. HP: 156/156 MP: 22/22
 27477 | D:15     | Found a staircase to the Depths.
 27945 | D:15     | Killed Roxanne
 28154 | D:9      | Bought a potion of might for 48 gold pieces
 28154 | D:9      | Bought a potion of heal wounds for 60 gold pieces
 28154 | D:9      | Bought a potion of heal wounds for 60 gold pieces
 28154 | D:9      | Bought a potion of curing for 36 gold pieces
 28168 | D:9      | Bought a potion of curing for 42 gold pieces
 28168 | D:9      | Bought 2 potions of curing for 84 gold pieces
 28168 | D:9      | Bought a potion of curing for 42 gold pieces
 28168 | D:9      | Bought a potion of heal wounds for 70 gold pieces
 28168 | D:9      | Bought a potion of curing for 42 gold pieces
 28217 | Orc:2    | Bought a potion of haste for 170 gold pieces
 28217 | Orc:2    | Bought a potion of curing for 51 gold pieces
 28217 | Orc:2    | Bought a potion of heal wounds for 85 gold pieces
 28217 | Orc:2    | Bought a potion of might for 68 gold pieces
 28217 | Orc:2    | Bought 2 potions of invisibility for 272 gold pieces
 28217 | Orc:2    | Bought a potion of curing for 51 gold pieces
 28369 | Snake:1  | Entered Level 1 of the Snake Pit
 28398 | Snake:1  | Received a gift from Okawaru
 28632 | Snake:1  | You fall into a shaft and drop 1 floor!
 28666 | Snake:2  | Identified the serpent talisman "Timnaz" {rElec rF++ Str-3
                  | Stlth+}
 28666 | Snake:2  | Noticed Aizul
 28676 | Snake:2  | Killed Aizul
 28801 | Snake:1  | Found a transporter.
 28805 | Snake:1  | Found a transporter.
 28810 | Snake:1  | Found a transporter.
 28813 | Snake:1  | Found a transporter.
 29116 | Snake:1  | Found a transporter.
 29118 | Snake:1  | Found a transporter.
 29839 | Snake:2  | Noticed Frances
 29845 | Snake:2  | Killed Frances
 30792 | Snake:3  | Received a gift from Okawaru
 30805 | Snake:3  | Reached skill level 1 in Dodging
 30836 | Snake:3  | Noticed Mlioglotl
 30859 | Snake:3  | Killed Mlioglotl
 30869 | Snake:4  | Entered Level 4 of the Snake Pit
 31300 | Arena    | Entered the Arena
 31831 | Snake:3  | Reached XP level 17. HP: 162/166 MP: 24/24
 32398 | Snake:4  | Received a gift from Okawaru
 33143 | Snake:4  | Identified the +12 spear of Sokuezxi {heavy, ^Fragile rC+++
                  | Will++}
 33795 | Snake:3  | HP: 8/168 [poisoned by a naga ritualist (toxic radiance)]
 34464 | Snake:4  | Received a gift from Okawaru
 34871 | Snake:4  | Got a serpentine rune of Zot
 35059 | Swamp:1  | Entered Level 1 of the Swamp
 36100 | Swamp:2  | Reached skill level 1 in Necromancy
 36356 | Swamp:2  | Acquired a manual of Invocations
 36396 | Swamp:2  | Reached skill level 5 in Dodging
 36396 | Swamp:2  | Identified the +0 scale mail of the Little Devil {Fly rElec
                  | rCorr Str-5}
 36411 | Swamp:2  | Found a large runed translucent door.
 36411 | Swamp:2  | Found a large runed translucent door.
 36413 | Swamp:2  | Noticed bob002's ghost (adept TrCK)
 36723 | Swamp:2  | Killed bob002's ghost
 37252 | Swamp:3  | Identified the +5 quarterstaff "Guonegai" {venom, rF+
                  | Int+2}
 37390 | Swamp:3  | Reached skill level 15 in Armour
 37483 | Swamp:3  | Received a gift from Okawaru
 37486 | Swamp:3  | Reached skill level 15 in Throwing
 37486 | Swamp:3  | Reached XP level 18. HP: 177/178 MP: 26/26
 38026 | Swamp:4  | Entered Level 4 of the Swamp
 38430 | Swamp:4  | Received a gift from Okawaru
 38435 | Swamp:4  | Reached skill level 15 in Shields
 40424 | Swamp:4  | Got a decaying rune of Zot
 40625 | Swamp:4  | Acquired 536 gold pieces
 40626 | Swamp:4  | Acquired a manual of Throwing
 40837 | Vaults:1 | Entered Level 1 of the Vaults
 41018 | Lair:4   | Received a gift from Okawaru
 41056 | Lair:4   | Killed Kyusiynim's ghost
 41677 | Vaults:1 | Received a gift from Okawaru
 42728 | Vaults:1 | Received a gift from Okawaru
 43131 | Vaults:1 | Reached XP level 19. HP: 185/185 MP: 27/29
 43141 | Vaults:1 | Reached skill level 5 in Necromancy
 43694 | Vaults:2 | Reached skill level 15 in Invocations
 43826 | Vaults:2 | Received a gift from Okawaru
 43992 | Orc:2    | Bought a +1 tower shield of reflection for 189 gold pieces
 44594 | Vaults:2 | Noticed Bai Suzhen
 44611 | Vaults:2 | Killed Bai Suzhen
 44756 | Vaults:2 | Received a gift from Okawaru
 44773 | Vaults:2 | Noticed Donald
 44776 | Vaults:2 | Killed Donald
 45150 | Vaults:2 | Identified the +5 arbalest of Eptac {antimagic, ^Drain rN+
                  | Will+ SInv}
 45152 | Vaults:2 | Identified the +9 arbalest of Wiskof {flame, rF- rC+ SInv}
 45237 | Vaults:2 | Identified the +5 spear "Emalooz" {drain, rF- Will+ Str+5
                  | Dex+2}
 45257 | Vaults:2 | Noticed Jory
 45272 | Vaults:2 | Killed Jory
 45580 | Vaults:2 | Found a staircase to the Crypt.
 46332 | Vaults:3 | Identified the +2 robe of the Thistle {+Inv rPois rC- rN+}
 46373 | Vaults:3 | Received a gift from Okawaru
 46785 | Vaults:3 | Noticed Xtahua
 46790 | Vaults:3 | Paralysed by Xtahua for 2 turns
 46797 | Vaults:3 | Paralysed by Xtahua for 2 turns
 46803 | Vaults:3 | Killed Xtahua
 46827 | Vaults:3 | Reached XP level 20. HP: 73/193 MP: 28/31
 47212 | Vaults:3 | Received a gift from Okawaru
 47326 | Vaults:3 | Found the +15 Maxwell's patent armour {-Cast -Tele rElec
                  | Will+ rCorr}
 48199 | Vaults:4 | Noticed Mara
 48214 | Vaults:4 | Received a gift from Okawaru
 48215 | Vaults:4 | Noticed sup's illusion
 48236 | Vaults:4 | Noticed sup's illusion
 48270 | Vaults:4 | Killed Mara
 48633 | Vaults:4 | Identified the +0 sling "Goblinslayer" {freeze, rF+ Int+4}
 49335 | Vaults:4 | Identified the +5 ring mail "Dogeckel" {*Corrode Slay+6}
 49366 | Vaults:4 | Found Nyuj's Distillery.
 49369 | Vaults:4 | Received a gift from Okawaru
 49389 | Vaults:4 | Bought a potion of curing for 33 gold pieces
 49389 | Vaults:4 | Bought a potion of curing for 33 gold pieces
 49389 | Vaults:4 | Bought a potion of heal wounds for 55 gold pieces
 49408 | Vaults:4 | Noticed Norris
 49417 | Vaults:4 | Killed Norris
 50305 | Elf:1    | Entered Level 1 of the Elven Halls
 50554 | Elf:1    | Received a gift from Okawaru
 50580 | Elf:1    | Reached XP level 21. HP: 116/202 MP: 27/33
 50896 | Elf:1    | Found Imueb's Assorted Antiques.
 50904 | Elf:1    | Bought a scroll of enchant armour for 255 gold pieces
 50904 | Elf:1    | Bought a scroll of identify for 68 gold pieces
 50904 | Elf:1    | Bought 2 potions of berserk rage for 340 gold pieces
 50904 | Elf:1    | Bought a wand of flame (11) for 261 gold pieces
 51168 | Elf:1    | Paralysed by an air elemental for 1 turns
 51866 | Elf:2    | Received a gift from Okawaru
 51924 | Elf:2    | Found Fiesibli's Armour Shop.
 51948 | Elf:2    | Found a huge runed translucent gate.
 51948 | Elf:2    | Found a huge runed translucent gate.
 51950 | Elf:2    | Found a huge runed translucent gate.
 51950 | Elf:2    | Found a huge runed translucent gate.
 51951 | Elf:2    | Found a huge runed translucent gate.
 52105 | Elf:2    | Found Atsoqoi's Antique Weapon Shop.
 52595 | Elf:2    | Noticed Agnes
 52621 | Elf:2    | Killed Agnes
 53176 | Depths:1 | Entered Level 1 of the Depths
 53178 | Depths:1 | Found a one-way gateway to a ziggurat.
 53210 | Depths:1 | Received a gift from Okawaru
 53351 | Depths:1 | Noticed Amikeex's ghost (adept TrMo)
 53358 | Depths:1 | Found a runed translucent gate.
 53358 | Depths:1 | Found a runed translucent gate.
 53701 | Depths:1 | Found a basalt altar of Yredelemnul.
 53754 | Depths:1 | Found a runed translucent gate.
 53821 | Depths:1 | Received a gift from Okawaru
 54049 | Depths:1 | Found a gateway to Hell.
 54108 | Depths:1 | Killed Amikeex's ghost
 54365 | Depths:1 | Identified the ring "Cief Xok" {rF+ rC+ Int+6}
 54633 | Depths:2 | Reached XP level 22. HP: 157/213 MP: 34/34
 54648 | Depths:2 | Identified the +4 rapier of Massacring {protect, Str+6}
 54672 | Depths:2 | Received a gift from Okawaru
 54674 | Depths:2 | Noticed a golden dragon
 54678 | Depths:2 | Noticed a juggernaut
 54681 | Depths:2 | Noticed a caustic shrike
 54723 | Depths:2 | Killed a caustic shrike
 54750 | Depths:2 | HP: 9/213 [spriggan berserker/the +4 rapier of Massacring
                  | {protect, Str+6} (29)]
 54752 | Depths:2 | HP: 4/213 [juggernaut (6)]
 54753 | Depths:2 | Constricted to death by a tentacled monstrosity

Illustrated notes

Levels and vault maps discovered:
D:1:      dpeg_arrival_radiant, layout_basic
D:2:      layout_basic
D:3:      layout_basic, zin_scriptorium, mainiacjoe_overflow_tiny_flanked,
          minmay_misc_feat_tiny, uniq_terence
D:4:      layout_loops_ring, makhleb_blood_cavern_becter, old_standard_altar,
          tgw_fedhas, minmay_temple_entry_glass
D:5:      layout_gridville, kennysheep_small_square
D:6:      layout_gridville, nicolae_uskayaw_murder_on_the_dancefloor,
          serial_shops, shop_fountains, nicolae_square_shop
D:7:      layout_basic, general_overflow_altar, minmay_fountain_box
D:8:      cheibrodos_shockbox, layout_loops_ring, tso_altar,
          mainiacjoe_overflow_two_lobes
D:9:      layout_rooms, regret_index_xom_of_box, serial_shops,
          nicolae_shop_pleasant_corner_grove, nicolae_shop_gibbet_a_chance,
          shop, minmay_misc_feat_pillars, uniq_joseph
D:10:     layout_rooms, orc_0_dummy, serial_shops, shop, item_on_display_a
D:11:     layout_layer_cave, lair_entry_dummy
D:12:     layout_rooms, uniq_azrael
D:13:     layout_irregular_city, grunt_vaults_entry_tiered,
          gammafunk_ghost_split, uniq_rupert
D:14:     layout_loops_ring, gauntlet_entry_generic,
          nicolae_ru_sacrificial_ziggurat
D:15:     grunt_enter_depths_snipers, layout_irregular_city,
          serial_library_hellmonk_big_corner, minmay_bent, uniq_roxanne
Temple:   jpeg_temple_clearing
Lair:1:   layout_chaotic_city, uniq_erica
Lair:2:   layout_misc_corridors
Lair:3:   layout_cave_pods, swamp_mist, minmay_snake_entry_six_corridors,
          uniq_sonja
Lair:4:   gammafunk_worm_tunnel, layout_layer_cave, gammafunk_ghost_ooze,
          infiniplex_staircase_pool_2
Lair:5:   evilmike_catoblepas_cave, layout_misc_corridors,
          nicolae_slime_entry_field_trip, gammafunk_ghost_cemetery
Swamp:1:  layout_falls_marsh, evilmike_swamp_ruin_house_6,
          nicolae_swamp_decorative_isthmus
Swamp:2:  layout_falls_marsh, ebering_ghost_disaster_area,
          nicolae_swamp_big_swirl, infiniplex_staircase_pool
Swamp:3:  layout_basic_swamp, evilmike_swamp_ruin_rubble_2
Swamp:4:  swamp_alternative, layout_basic_swamp, nicolae_swamp_long_stream
Snake:1:  layout_honeycomb, st_stairs_4, serial_nicolae_subway,
          nicolae_sub_station_crystal, nicolae_sub_station_stone,
          nicolae_sub_station_metal
Snake:2:  layout_cave_pods, uniq_aizul, uniq_frances
Snake:3:  minmay_snake_river, layout_rooms, uniq_mlioglotl
Snake:4:  minmay_snake_end_coiled, layout_rooms
Orc:1:    layout_caves, portal_ice_cave_entry_pillars_2, serial_shops,
          nicolae_diamond_shop, mines5_lemuel, uniq_urug
Orc:2:    st_orc_town, layout_caves, nicolae_orc_sculptors_studio,
          nicolae_orc_rockfall, nicolae_orc_crystal_geode
Elf:1:    nicolae_elf_arrival_no_cutting_in_line, layout_loops_corners,
          serial_shops, nicolae_shop_dealshenge, minmay_elf_demonology
Elf:2:    elven_hall_of_blades_hangedman_alternative [nicolae_blade_tridents],
          layout_geoelf_grid, serial_shops, nicolae_shop_behind_doors,
          nicolae_shop_real_fake_doors, hangedman_elf_disciples, uniq_agnes
Vaults:1: v_misc_15, nicolae_vaults_prndl, nicolae_vaults_little_squares_5,
          ontoclasm_vaults_gateway, nicolae_vaults_hexular_roomagon,
          nicolae_vaults_closet_pinwheel_1, v_alt_pattern_3,
          nicolae_vaults_theta, vaults_mumra_hex, nicolae_vaults_wine_cellar,
          nicolae_vaults_diamond_1, layout_vaults_quadrants
Vaults:2: blue_anna_dwarven_crypt, v_misc_18, nicolae_vaults_tangram_1,
          nicolae_vaults_frosty_reception, v_misc_3, nicolae_vaults_octothorpe,
          ontoclasm_vaults_tryst, vaults_mumra_minichess_inversion, v_misc_13,
          nicolae_vaults_cochlea, nicolae_vaults_yaktaur_gun_rack,
          layout_vaults_ring, uniq_jory, uniq_donald, uniq_bai_suzhen
Vaults:3: nicolae_vaults_tetromino_T_1, nicolae_vaults_little_squares_5,
          v_misc_15, v_misc_28, vaults_dpeg_doors, grunt_vaults_trifunnel,
          grunt_vaults_twisty, v_misc_30, grunt_vaults_funnel,
          nicolae_vaults_closet_pinwheel_1, vaults_dpeg_ring,
          vaults_dpeg_encased_lava, layout_vaults_omnibox, uniq_xtahua
Vaults:4: nicolae_vaults_weapon_check, nicolae_vaults_trapezoid_lopsided_3,
          nicolae_vaults_network_periphery, ontoclasm_vaults_eye,
          vaults_room_door_ring, nicolae_vaults_six-pack, v_misc_25,
          nicolae_vaults_hexular_roomagon, vaults_room_door_ring,
          v_alt_pattern_3, v_misc_26, nicolae_vaults_closet_pinwheel_3,
          vaults_dpeg_hooks, ontoclasm_vaults_decontamination,
          nicolae_vaults_house_1, nicolae_vaults_little_squares_6,
          layout_vaults_omnicross, serial_shops, shop, uniq_mara, uniq_norris
Depths:1: layout_forbidden_donut, enter_ziggurat_a, gammafunk_ghost_split,
          pf_hell_entry_tar_spiral, nicolae_lava_and_water,
          minmay_misc_feat_doors, yredelemnul_forgotten_temple_becter,
          serial_bayou_shore_b
Depths:2: minmay_heptahexagon, layout_cave_shapes, mu_enter_wizlab_1, pan_entry,
          hangedman_coc_ice_floe, chequers_serial_rivers_small_a, abyss_entry,
          infiniplex_staircase_spiral

Skill      XL: |  1  2  3  4  5  6  7  8  9 10 11 12 13 14 15 16 17 18 19 20 21 |
---------------+----------------------------------------------------------------+-----
Maces & Flails | 3 4 5 6 7 9 11 14 16 | 16.0
Fighting       | 7 10 12 14 15 16 17 18 20 21 | 21.3
Armour         | 5 7 9 10 11 12 13 14 15 16 17 18 19 | 19.9
Shields        | 5 7 9 10 11 13 14 15 17 19 21 | 21.3
Invocations    | 3 5 7 8 9 10 11 12 14 16 18 | 18.9
Throwing       | 3 7 10 12 13 15 16 | 16.0
Dodging        | 2 5 6 |  6.0
Necromancy     | 1 4 6 8 9 |  9.3

Action                     |  1- 3 |  4- 6 |  7- 9 | 10-12 | 13-15 | 16-18 | 19-21 | 22-24 || total
---------------------------+-------+-------+-------+-------+-------+-------+-------+-------++-------
  Melee: Flail             |    84 |   129 |   381 |   596 |       |       |       |       ||  1190
         Headbutt          |     6 |    14 |    63 |   153 |   231 |   299 |   345 |    22 ||  1133
         Demon whip        |       |       |       |   210 |   113 |       |       |       ||   323
         Eveningstar       |       |       |       |       |   937 |  1153 |  1328 |    64 ||  3482
         Unarmed           |       |       |       |       |       |     6 |       |       ||     6
  Throw: Boomerang         |       |       |       |       |    57 |    76 |       |       ||   133
         Javelin           |       |       |       |       |       |     5 |    20 |     3 ||    28
         Throwing net      |       |       |       |       |       |       |     1 |       ||     1
 Invoke: Heroism           |       |       |     1 |     6 |     6 |     4 |     4 |       ||    21
         Finesse           |       |       |       |     1 |     6 |     3 |     6 |       ||    16
         Receive Weapon    |       |       |       |       |     1 |       |       |       ||     1
         Receive Armour    |       |       |       |       |     1 |       |       |       ||     1
         Duel              |       |       |       |       |       |     1 |       |       ||     1
    Use: Scroll            |     9 |    11 |     1 |     8 |     2 |    10 |    10 |       ||    51
         Potion            |     1 |       |     1 |     3 |     2 |     7 |     1 |     3 ||    18
   Stab: Petrified         |       |       |       |       |     1 |       |       |       ||     1
         Distracted        |       |       |       |       |       |     1 |       |       ||     1
 Armour: Scale mail        |    62 |    76 |    84 |       |       |       |       |       ||   222
         Plate armour      |       |       |   179 |   693 |   583 |   781 |   598 |    66 ||  2900
         Skin              |       |       |       |       |       |     4 |       |       ||     4
  Dodge: Dodged            |    64 |    67 |    75 |   141 |   168 |   441 |   354 |    11 ||  1321
  Block: Buckler           |    25 |    31 |    20 |       |       |       |       |       ||    76
         Kite shield       |       |       |    67 |   394 |   735 |  1000 |    37 |       ||  2233
         Reflection        |       |       |       |       |    37 |    83 |    67 |     1 ||   188
         Tower shield      |       |       |       |       |       |       |  1225 |    78 ||  1303
